 Dungeon Crawl Stone Soup version 0.26.0-10-g1f06aea511 (webtiles) character file.

Game seed: 1158505913822003259

39 vatarom the Conjurer (level 3, 0/28 HPs)
             Began as a Draconian Conjurer on Jan 18, 2021.
             Killed from afar by a white imp (1 damage)
             ... with a puff of frost
             ... summoned by Natasha
             ... on level 2 of the Dungeon.
             The game lasted 00:01:40 (1274 turns).

vatarom the Conjurer (Draconian Conjurer)           Turns: 1274, Time: 00:01:41

Health: 0/28       AC:  5    Str: 10    XL:     3   Next: 26%
Magic:  6/6        EV: 12    Int: 18    God:
Gold:   74         SH:  0    Dex:  9    Spells: 3/6 levels left

rFire    . . .     SeeInvis .   g - +0 long sword
rCold    . . .     Faith    .   (no shield)
rNeg     . . .     Spirit   .   (armour unavailable)
rPois    .         Reflect  .   (helmet restricted)
rElec    .         Harm     .   (no cloak)
rCorr    .         Rampage  .   (no gloves)
Will     .....                  (no boots)
Stlth    ++........             (no amulet)
HPRegen  0.09/turn              (no ring)
MPRegen  0.10/turn              (no ring)

@: no status effects
A: unfitting armour, cold-blooded, AC +5
a: no special abilities


You were on level 2 of the Dungeon.
You visited 1 branch of the dungeon, and saw 2 of its levels.

You collected 74 gold pieces.

Inventory:

Hand Weapons
 g - a +0 long sword (weapon)
Missiles
 e - 3 silver javelins
Scrolls
 a - 2 scrolls of identify {unknown}
 b - 2 scrolls of fog {unknown}
 c - a scroll of teleportation {unknown}
Potions
 f - a potion of degeneration {unknown}


   Skills:
 + Level 1.4 Fighting
 - Level 1.7 Dodging
 - Level 1.7 Stealth
 + Level 2.4 Spellcasting
 * Level 4.6 Conjurations


You had 3 spell levels left.
You knew the following spells:

 Your Spells              Type           Power        Failure   Level
a - Magic Dart            Conj           72%          2%          1
b - Searing Ray           Conj           36%          4%          2

Your spell library contained the following spells:

 Spells                   Type           Power        Failure   Level
 Dazzling Flash           Conj/Hex       20%          21%         3
 Fulminant Prism          Conj/Hex       5%           54%         4
 Iskenderun's Mystic Bla  Conj/Tloc      10%          54%         4


Dungeon Overview and Level Annotations

Branches:
Dungeon (2/15)

Altars:

Annotations:
D:2 Natasha


Innate Abilities, Weirdness & Mutations

Your plain brown scales are hard. (AC +5)
You cannot fit into any form of body armour.
You are cold-blooded and may be slowed by cold attacks.


Message History

Found a leather armour.
A white imp comes into view.
You completely miss the white imp. The white imp completely misses you.
You riposte.
You hit the white imp but do no damage. You hit the white imp.
The white imp is heavily wounded.
The white imp hits you. The white imp freezes you.
You hear some strange, mumbled words.
A magic dart appears from out of thin air!
The magic dart hits you.
You barely miss the white imp.
The white imp is heavily wounded.
The white imp gestures at you. The puff of frost hits you!
* * * LOW HITPOINT WARNING * * *
Something claws you.
* * * LOW HITPOINT WARNING * * *
The white imp gestures at you. The puff of frost hits you.
You die...

...†......##..#...####
..........#...#......#
......##......#...##.#
......#...........##.#####
............#.#..........#
#.............##.........#
............. #...#......#
..............#.#..#.#####
...............{@.....#########
...............5..##....#.....##
..................##.##........##
........ ...[.....##............#
##..... ...#.....#####.........#
## ####### ##........# #........#
#........# #.......##


You could see a white imp (summoned).

Vanquished Creatures
  2 adders
  A dart slug (D:2)
  3 giant cockroaches
  A goblin (D:1)
  A hobgoblin (D:1)
  A jackal (D:1)
  4 kobolds
  3 bats
  5 rats
21 creatures vanquished.

Notes
Turn   | Place    | Note
-------+----------+-------------------------------------------
     0 | D:1      | vatarom the Draconian Conjurer began the quest for the Orb.
     0 | D:1      | Reached XP level 1. HP: 14/14 MP: 3/3
   468 | D:1      | Reached XP level 2. HP: 22/22 MP: 1/5
   870 | D:2      | Reached skill level 1 in Fighting
   978 | D:1      | Learned a level 2 spell: Searing Ray
  1095 | D:2      | Reached XP level 3. HP: 28/28 MP: 1/6
  1247 | D:2      | Noticed Natasha
  1274 | D:2      | HP: 1/28 [something (6)]
  1274 | D:2      | Killed from afar by a white imp

Illustrated notes

Levels and vault maps discovered:
D:1:      minmay_arrival_stone_box, layout_loops_ring, minmay_vboxes
D:2:      layout_rooms, lemuel_coloured_pillars_altar, uniq_natasha,
          uniq_terence

Skill      XL: |  1  2 |
---------------+-------+-----
Fighting       | 1 |  1.4
Dodging        | |  1.7
Stealth        | |  1.7
Spellcasting   | |  2.4
Conjurations   | |  4.6

Action                   || total
-------------------------++-------
Melee: Unarmed           ||    17
       Tailslap          ||     2
       Long sword        ||    10
 Cast: Magic Dart        ||    33
 Stab: Sleeping          ||     1
Armor: Skin              ||    13
Dodge: Dodged            ||    32
       Rpst.: Long sword ||     2
